 Dungeon Crawl Stone Soup version 0.30-a0-474-g5673dd7ce6 (webtiles) character file.

Game seed: 141076292441459903

4370 Bnni the Destroyer (level 10, -2/84 HPs)
             Began as a Grey Draconian Conjurer on Dec 20, 2022.
             Was a Priest of Vehumet.
             Slain by a boulder beetle (34 damage)
             ... on level 8 of the Dungeon.
             The game lasted 00:28:50 (9966 turns).

Bnni the Destroyer (Grey Draconian Conjurer)        Turns: 9966, Time: 00:28:51

Health: -2/84      AC: 12    Str: 11    XL:     10   Next: 13%
Magic:  7/19       EV: 12    Int: 22    God:    Vehumet [***...]
Gold:   545        SH:  0    Dex:  9    Spells: 5/21 levels left

rFire   . . .      SeeInvis .    R - +2 dagger (venom)
rCold   + . .      Faith    +    (no shield)
rNeg    . . .      Spirit   .    (body armour unavailable)
rPois   .          Reflect  .    (helmet restricted)
rElec   .          Harm     .    (no cloak)
rCorr   .          Rampage  .    (no gloves)
Will    .....                    (no boots)
Stlth   ++........               r - amulet of faith
HPRegen 0.34/turn                q - ring of protection from cold
MPRegen 0.16/turn                s - ring of wizardry

@: no status effects
A: AC +12, amphibious, unfitting armour, cold-blooded
a: Renounce Religion


You were on level 8 of the Dungeon.
You worshipped Vehumet.
Vehumet was most pleased with you.
You visited 2 branches of the dungeon, and saw 10 of its levels.

You collected 545 gold pieces.

Inventory:

Hand Weapons
 c - a +0 trident
 l - a +1 short sword of electrocution
 R - a +2 dagger of venom (weapon)
Missiles
 p - 11 poisoned darts
 t - a curare-tipped dart
 M - 2 throwing nets
Armour
 z - a +0 buckler
Magical Staves
 b - a staff of earth
Jewellery
 q - a ring of protection from cold (left hand)
 r - an amulet of faith (around neck)
 s - a ring of wizardry (right hand)
 w - an amulet of regeneration
 F - a ring of fire
 G - a ring of ice
 N - a ring of flight
Wands
 I - a wand of paralysis (10)
 K - a wand of mindburst (23)
 P - a wand of polymorph (9)
Scrolls
 g - 3 scrolls of teleportation {unknown}
 h - 2 scrolls of enchant weapon {unknown}
 k - 2 scrolls of amnesia {unknown}
 m - 2 scrolls of immolation {unknown}
 v - a scroll of fear
 y - 2 scrolls of fog {unknown}
 A - 2 scrolls of torment {unknown}
 D - 2 scrolls of blinking {unknown}
 E - a scroll of silence
 J - 3 scrolls of noise {unknown}
Potions
 a - 2 potions of magic
 d - 2 potions of might
 e - 2 potions of mutation
 f - 3 potions of resistance {unknown}
 i - 3 potions of curing
 j - 2 potions of heal wounds
 n - a potion of haste
 u - a potion of cancellation {unknown}
 x - 4 potions of flight
 B - a potion of brilliance {unknown}
 C - a potion of berserk rage
 H - 3 potions of attraction {unknown}
 L - a potion of invisibility
 O - a potion of lignification {unknown}
 Q - a potion of experience {unknown}


   Skills:
 + Level 6.9 Fighting
 - Level 1.7 Dodging
 - Level 1.7 Stealth
 + Level 6.2 Spellcasting
 + Level 8.9 Conjurations
 - Level 3.0 Hexes
 - Level 3.0 Translocations
 * Level 8.4 Earth Magic


You had 5 spell levels left.
You knew the following spells:

 Your Spells              Type           Power      Damage    Failure   Level
a - Magic Dart            Conj           100%       1d8       1%          1
b - Searing Ray           Conj           92%        2d7       1%          2
c - Fulminant Prism       Conj/Hex       16%        3d10      1%          4
d - Iskenderun's Mystic   Conj/Tloc      33%        2d8       1%          4
e - Lee's Rapid Deconstr  Erth           21%        3d12*     1%          5

Your spell library contained the following spells:

 Spells                   Type           Power      Damage    Failure   Level
 Frozen Ramparts          Ice            12%        1d2       3%          3
 Dazzling Flash           Conj/Hex       66%        N/A       1%          3
 Kindle Blastsparks       Fire/Tloc/Air  22%        2d11      2%          3
 Summon Small Mammal      Summ           24%        N/A       3%          1
 Ensorcelled Hibernation  Hex/Ice        26%        N/A       3%          2
 Tukima's Dance           Hex            20%        N/A       3%          3
 Summon Guardian Golem    Hex/Summ       13%        N/A       6%          3
 Call Canine Familiar     Summ           6%         N/A       11%         3
 Ozocubu's Armour         Ice            6%         N/A       11%         3
 Spider Form              Tmut/Pois      6%         N/A       11%         3
 Passage of Golubria      Tloc           20%        N/A       11%         4
 Yara's Violent Unravell  Hex/Tmut       6%         3d5       14%         5
 Anguish                  Hex/Necr       6%         N/A       19%         4
 Ozocubu's Refrigeration  Ice            3%         4d8       99%         7


Dungeon Overview and Level Annotations

Branches:
Dungeon (9/15)             Temple (1/1) D:6            Lair (0/5) D:8
    Orc: D:9-12

Altars:
Ashenzari
Cheibriados
Dithmenos
Elyvilon
Fedhas
Gozag
Hepliaklqana
Kikubaaqudgha
Makhleb
Nemelex Xobeh
Okawaru
Qazlal
Ru
Sif Muna
Trog
Uskayaw
Vehumet
Wu Jian
Xom
Yredelemnul
Zin
The Shining One


Innate Abilities, Weirdness & Mutations

Your dull iron-grey scales are very hard. (AC +12)
You are amphibious.
You cannot fit into any form of body armour.
You are cold-blooded and may be slowed by cold attacks.


Message History

You throw a curare-tipped dart.
The curare-tipped dart hits the boulder beetle.
The boulder beetle is poisoned.
The boulder beetle convulses.
The boulder beetle seems to slow down.
The boulder beetle is lightly wounded.
Aiming: Magic Dart (safe; 1% risk of failure)
Press: ? - help, Q - select action, (/) - cycle Shift-Dir - straight line, f/p - boulder beetle
Aim: a boulder beetle (lightly wounded, very poisoned, slow, 100% to hit)
The magic dart hits the boulder beetle.
The boulder beetle is lightly wounded.
The boulder beetle curls into a ball and begins rolling!
Unknown command.
Aiming: Magic Dart (safe; 1% risk of failure)
Press: ? - help, Q - select action, (/) - cycle Shift-Dir - straight line, f/p - boulder beetle
Aim: a boulder beetle (moderately wounded, rolling, very poisoned, slow, 100% to hit)
The magic dart hits the boulder beetle.
The boulder beetle is moderately wounded.
Aiming: Magic Dart (safe; 1% risk of failure)
Press: ? - help, Q - select action, (/) - cycle Shift-Dir - straight line, f/p - boulder beetle
Aim: a boulder beetle (moderately wounded, rolling, very poisoned, slow, 100% to hit)
The magic dart hits the boulder beetle but does no damage.
The boulder beetle is moderately wounded.
Unknown command.
Unknown command.
Casting: Magic Dart (safe; 1% risk of failure)
Confirm with . or Enter, or press ? or * to list all spells.
Okay, then.
Casting: Magic Dart (safe; 1% risk of failure)
Confirm with . or Enter, or press ? or * to list all spells.
Aiming: Searing Ray (safe; 1% risk of failure)
Press: ? - help, Shift-Dir - straight line, f/p - boulder beetle
Aim: a boulder beetle (moderately wounded, rolling, very poisoned, slow, 100% to hit)
The searing ray hits the boulder beetle but does no damage.
The boulder beetle is moderately wounded. (Press . to maintain the ray.)
There are no items here.
The searing ray hits the boulder beetle.
The boulder beetle is moderately wounded.
The boulder beetle hits you!!
You die...

######### #.......######
#.............
###############.............
#..........@B°°>............
#.#############.............
#.# ###........... #.#
#........PPP #.#
#######...P.P... #####.#
#.......PP.P.... #...#.#
#............PP. #.#.#.#
#...........PP.P #.#.#.#
#.........PP....


You could see a boulder beetle (rolling, very poisoned, slow).

Vanquished Creatures
  Sigmund (D:2)
  A shadow (D:7)
  4 yaks (D:8)
  A wyvern (D:8)
  2 steam dragons (D:8)
  Menkaure (D:4)
  A water moccasin (D:7)
  2 sky beasts (D:8)
  An orc warrior (D:8)
  2 black bears
  5 centaurs
  2 kobold brigands
  2 bullfrogs (D:8)
  Blork the orc (D:5)
  3 scorpions (D:6)
  2 necrophages (D:6)
  5 wights
  3 killer bees (D:9)
  3 howler monkeys (D:8)
  2 jellies
  3 hounds
  An orc priest (D:4)
  Terence (D:2)
  Natasha (thrice) (D:2)
  4 iguanas
  8 orc wizards
  3 gnolls (D:6)
  10 adders
  A river rat (D:3)
  3 shadow imps
  A white imp (D:8)
  2 ufetubi
  3 worms
  4 dart slugs
  20 orcs
  10 bats
  11 endoplasms
  6 giant cockroaches
  6 hobgoblins
  13 kobolds
  7 quokkas
  5 ball pythons
  2 frilled lizards
  5 goblins
  3 rats
179 creatures vanquished.

Vanquished Creatures (others)
  39 fulminant prisms
  46 plants (D:8)
85 creatures vanquished.

Grand Total: 264 creatures vanquished

Notes
Turn   | Place    | Note
-------+----------+-------------------------------------------
     0 | D:1      | Bnni the Draconian Conjurer began the quest for the Orb.
     0 | D:1      | Reached XP level 1. HP: 14/14 MP: 3/3
    95 | D:1      | Found a faded altar of an unknown god.
   396 | D:1      | Reached XP level 2. HP: 22/22 MP: 5/5
   414 | D:1      | Learned a level 2 spell: Searing Ray
   705 | D:1      | Reached skill level 1 in Fighting
  1284 | D:2      | Reached XP level 3. HP: 7/28 MP: 0/6
  1420 | D:2      | Noticed Natasha
  1429 | D:2      | Killed Natasha
  1430 | D:2      | Reached skill level 1 in Hexes
  1430 | D:2      | Reached XP level 4. HP: 22/36 MP: 3/7
  1489 | D:2      | Noticed Sigmund
  1499 | D:2      | Killed Sigmund
  1500 | D:2      | Reached skill level 5 in Conjurations
  1500 | D:2      | Reached XP level 5. HP: 42/42 MP: 1/9
  1633 | D:2      | Noticed Terence
  1649 | D:2      | Killed Terence
  1812 | D:2      | Reached XP level 6. HP: 50/50 MP: 7/10
  1826 | D:2      | Noticed Natasha
  1834 | D:2      | Killed Natasha
  2137 | D:2      | Noticed Natasha
  2142 | D:2      | Killed Natasha
  2406 | D:3      | You fall into a shaft and drop 3 floors!
  2666 | D:6      | Your scales start taking on a dull iron-grey colour.
  2666 | D:6      | Reached XP level 7. HP: 49/57 MP: 6/12
  2958 | D:6      | Learned a level 4 spell: Fulminant Prism
  3117 | D:6      | Found a staircase to the Ecumenical Temple.
  3125 | Temple   | Entered the Ecumenical Temple
  3332 | Temple   | Became a worshipper of Vehumet
  3389 | D:6      | Found a sacrificial altar of Ru.
  3487 | D:6      | Learned a level 4 spell: Iskenderun's Mystic Blast
  3488 | D:5      | Entered Level 5 of the Dungeon
  3838 | D:3      | Found a faded altar of an unknown god.
  3842 | D:3      | Found an opulent altar of Gozag.
  3891 | D:3      | Reached * piety under Vehumet
  3891 | D:3      | Offered knowledge of Freeze by Vehumet.
  4496 | D:3      | Found a burning altar of Makhleb.
  4496 | D:3      | Noticed a blizzard demon
  4499 | D:3      | Noticed a ynoxinul
  4499 | D:3      | Noticed a hellwing
  4736 | D:4      | Reached ** piety under Vehumet
  4736 | D:4      | Offered knowledge of Scorch by Vehumet.
  4865 | D:4      | Noticed Menkaure
  4873 | D:4      | Killed Menkaure
  4874 | D:4      | Reached skill level 1 in Translocations
  4874 | D:4      | Reached skill level 1 in Earth Magic
  4874 | D:4      | Reached XP level 8. HP: 67/67 MP: 4/14
  5502 | D:5      | Noticed Blork the orc
  5508 | D:5      | Killed Blork the orc
  5883 | D:5      | Found a hide-covered altar of Uskayaw.
  6424 | D:6      | Found a shadowy altar of Dithmenos.
  6592 | D:6      | Identified a scroll of acquirement
  6593 | D:6      | Acquired a staff of earth
  6797 | D:6      | Learned a level 5 spell: Lee's Rapid Deconstruction
  7134 | D:7      | Reached skill level 5 in Fighting
  7212 | D:7      | Offered knowledge of Ignite Poison by Vehumet.
  7983 | D:7      | Reached XP level 9. HP: 74/74 MP: 11/16
  7986 | D:7      | Reached skill level 5 in Spellcasting
  7986 | D:7      | Reached skill level 5 in Earth Magic
  8396 | D:8      | Reached *** piety under Vehumet
  8702 | D:8      | Found a hazy altar of Hepliaklqana.
  8760 | D:8      | Found a broken altar of Ashenzari.
  8874 | D:8      | Offered knowledge of Frozen Ramparts by Vehumet.
  9064 | D:8      | Found a hide-covered altar of Uskayaw.
  9526 | D:8      | Found a staircase to the Lair.
  9759 | D:9      | Noticed a fire crab
  9805 | D:9      | Noticed a boulder beetle
  9841 | D:8      | Reached XP level 10. HP: 79/84 MP: 6/19
  9966 | D:8      | Slain by a boulder beetle

Illustrated notes

Levels and vault maps discovered:
D:1:      dpeg_arrival_long_road, layout_basic, serial_curves, eino_curves_04,
          eino_curves_04, eino_curves_02,
          shapermc_ecumenical_altar_starsandcircs, minmay_misc_feat_alley,
          palyth_stone_intersect
D:2:      layout_loops_ring, uniq_sigmund, uniq_terence, uniq_natasha
D:3:      layout_basic, nicolae_overflow_ecumenical_swirl,
          makhleb_altar_promises_db, portal_sewer_entry_b,
          minmay_misc_feat_columns, kennysheep_pointless_box,
          grunt_decor_mini_mirrors, minmay_misc_feat_nine_boxes,
          minmay_joined_circles
D:4:      layout_layer_cave, uniq_menkaure
D:5:      minmay_spotlight, layout_basic,
          nicolae_uskayaw_murder_on_the_dancefloor, uniq_blork_the_orc
D:6:      layout_basic, grunt_dithmenos_smoke, nicolae_ru_sacrificial_ziggurat,
          minmay_temple_entry_tees, grunt_ministairs_4, due_unseen_surprise
D:7:      layout_basic
D:8:      layout_basic, mainiacjoe_overflow_catch_the_wave, lair_entry_dummy,
          kennysheep_nondescript, minmay_ruined_shrine
D:9:      minmay_curly_fans, layout_long_grid, enter_bailey_2, minmay_nine_imps,
          uniq_amaemon
Temple:   bh_familiar_temple

Skill      XL: |  1  2  3  4  5  6  7  8  9 |
---------------+----------------------------+-----
Fighting       | 1 2 3 4 5 6 |  6.9
Hexes          | 1 2 3 |  3.0
Spellcasting   | 3 4 6 |  6.2
Conjurations   | 5 6 7 8 |  8.9
Translocations | 1 2 3 |  3.0
Earth Magic    | 1 4 8 |  8.4
Dodging        | |  1.7
Stealth        | |  1.7

Action                   |  1- 3 |  4- 6 |  7- 9 | 10-12 || total
-------------------------+-------+-------+-------+-------++-------
Melee: Unarmed           |     8 |       |       |       ||     8
       Trident           |    52 |     1 |       |       ||    53
       Tailslap          |     2 |     9 |    34 |     5 ||    50
       Short sword       |       |    46 |   148 |       ||   194
       Punch             |       |     1 |     3 |       ||     4
       Staff             |       |       |    15 |       ||    15
       Dagger            |       |       |    54 |    11 ||    65
Throw: Dart              |       |       |       |     1 ||     1
 Cast: Magic Dart        |    17 |    25 |    91 |     3 ||   136
       Searing Ray       |     2 |     7 |    19 |     2 ||    30
       Fulminant Prism   |       |       |    37 |     2 ||    39
       Lee's Rapid Decon |       |       |     6 |       ||     6
       Iskenderun's Myst |       |       |    11 |     2 ||    13
  Use: Scroll            |       |       |    10 |       ||    10
 Stab: Sleeping          |     3 |       |     3 |       ||     6
Armor: Skin              |    21 |    28 |   137 |     6 ||   192
Dodge: Dodged            |    40 |    48 |   153 |     8 ||   249

Table legend: (Time is in decaauts)
 A = Elapsed time spent in this place.
 B = Non-inter-level travel time spent in this place.
 C = Inter-level travel time spent in this place.
 D = Time resting spent in this place.
 E = Time spent auto-exploring this place.
 F = Levels seen in this place.
 G = Mean time per level.
                   A        B        C        D        E       F      G
               +--------+--------+--------+--------+--------+-----+--------+
         Total |  10004 |   9583 |    421 |   1920 |   6115 |  10 | 1000.4 |
       Dungeon |   9774 |   9408 |    366 |   1920 |   5948 |   9 | 1086.0 |
        Temple |    229 |    174 |     55 |      0 |    167 |   1 |  229.0 |
               +--------+--------+--------+--------+--------+-----+--------+

Top non-repeatable levels by time:
     D:6: 1604 daAuts
     D:8: 1336 daAuts
     D:1: 1285 daAuts
     D:7: 1282 daAuts
     D:2: 1138 daAuts
     D:5: 1033 daAuts
     D:3: 969 daAuts
     D:4: 870 daAuts
     D:9: 254 daAuts
  Temple: 229 daAuts
